 Dungeon Crawl Stone Soup version 0.28.0-43-g3370ac3207 (webtiles) character file.

Game seed: 1953004287924674243

345 crimpus the Covered (level 6, -3/51 HPs)
             Began as a Demigod Fighter on Mar 11, 2022.
             Slain by an ogre
             ... wielding a +0 giant spiked club
              (16 damage)
             ... on level 5 of the Dungeon.
             The game lasted 00:05:34 (5618 turns).

crimpus the Covered (Demigod Fighter)               Turns: 5618, Time: 00:05:35

Health: -3/51      AC: 11    Str: 25    XL:     6   Next: 9%
Magic:  8/8        EV:  7    Int: 10    God:
Gold:   95         SH:  5    Dex: 13    Spells: 5/5 levels left

rFire   . . .      SeeInvis .   k - +0 mace
rCold   . . .      Faith    .   c - +0 buckler
rNeg    . . .      Spirit   .   j - +0 chain mail
rPois   .          Reflect  .   (no helmet)
rElec   .          Harm     .   (no cloak)
rCorr   .          Rampage  .   (no gloves)
Will    .....                   f - +1 pair of boots
Stlth   ..........              (no amulet)
HPRegen 0.17/turn               (no ring)
MPRegen 0.11/turn               (no ring)

@: no status effects
A: high MP 1, forlorn, divine attributes
a: no special abilities


You were on level 5 of the Dungeon.
You visited 1 branch of the dungeon, and saw 5 of its levels.

You collected 95 gold pieces.

Inventory:

Hand Weapons
 k - a +0 mace (weapon)
Armour
 c - a +0 buckler (worn)
 f - a +1 pair of boots (worn)
 j - a +0 chain mail (worn)
Jewellery
 h - a ring of protection from cold
 i - a ring of fire
Wands
 o - a wand of iceblast (11)
 w - a wand of paralysis (9)
Scrolls
 a - 5 scrolls of teleportation {unknown}
 b - 7 scrolls of identify
 e - a scroll of acquirement {unknown}
 g - 2 scrolls of blinking {unknown}
 m - a scroll of fog {unknown}
 p - a scroll of noise {unknown}
 q - a scroll of magic mapping {unknown}
 t - a scroll of fear {unknown}
 u - a scroll of enchant armour
 x - a scroll of vulnerability {unknown}
Potions
 d - a potion of might
 l - a potion of mutation {unknown}
 n - a potion of heal wounds {unknown}
 r - a potion of degeneration {unknown}
 s - 2 potions of attraction {unknown}
 v - a potion of cancellation {unknown}
 z - a potion of resistance {unknown}


   Skills:
 + Level 3.5 Fighting
 + Level 4.1 Maces & Flails
 + Level 4.3 Armour
 + Level 3.3 Shields


You had 5 spell levels left.
You didn't know any spells.
Your spell library contained the following spells:

 Spells                   Type           Power      Damage    Failure   Level
 Blink                    Tloc           0%         N/A       99%         2
 Ensorcelled Hibernation  Hex/Ice        0%         N/A       99%         2
 Lesser Beckoning         Tloc           0%         N/A       100%        3
 Spider Form              Tmut/Pois      0%         N/A       100%        3
 Anguish                  Hex/Necr       0%         N/A       100%        4
 Manifold Assault         Tloc           0%         N/A       100%        5


Dungeon Overview and Level Annotations

Branches:
Dungeon (5/15)             Temple (0/1) D:4


Innate Abilities, Weirdness & Mutations

You have an increased reservoir of magic. (+10% MP)
You shall have no god before yourself.
Your divine heritage dramatically boosts your attributes as you level up.


Message History

No target in view!
No target in view!
HP restored.
Items here: )) [[ †.
You see here a +0 hand axe.
Found a stone staircase leading up.
No target in view!
There is an open door here.
You open the door.
Found 17 bolts and 15 stones.
An ogre comes into view. It is wielding a +0 giant spiked club.
The ogre shouts!
There is an open door here.
Found a spear.
The ogre hits you with a +0 giant spiked club.
You hit the ogre.
The ogre is lightly wounded.
You block the ogre's attack.
You sock the ogre!
The ogre is moderately wounded.
The ogre barely misses you.
You barely miss the ogre.
The ogre is moderately wounded.
You block the ogre's attack.
You thump the ogre!
The ogre is severely wounded.
The ogre hits you with a +0 giant spiked club!!
You sock the ogre!
The ogre is almost dead.
The ogre hits you with a +0 giant spiked club!
* * * LOW HITPOINT WARNING * * *
You are too injured to fight recklessly!
You are too injured to fight recklessly!
You are too injured to fight recklessly!
You barely miss the ogre.
The ogre is almost dead.
You hit the ogre but do no damage.
The ogre is almost dead.
The ogre hits you with a +0 giant spiked club!
You die...

#............#
#............#
#............#
######............#
..........#########
...#####'######
................
................
.......@........
.......O........
................
..........(..(..
.......''#######
.......### ###....
#..).


You could see an ogre.

Vanquished Creatures
  An ogre (D:4)
  A jelly (D:4)
  An orc priest (D:3)
  Ijyb (D:3)
  A hound skeleton (D:4)
  6 adders
  3 worms
  A dart slug (D:1)
  11 orcs
  5 bats
  9 endoplasms
  4 giant cockroaches
  5 goblins
  7 hobgoblins
  10 jackals
  8 ball pythons
  3 frilled lizards
  7 kobolds
  6 rats
90 creatures vanquished.

Vanquished Creatures (others)
  7 plants (D:2)
7 creatures vanquished.

Grand Total: 97 creatures vanquished

Notes
Turn   | Place    | Note
-------+----------+-------------------------------------------
     0 | D:1      | crimpus the Demigod Fighter began the quest for the Orb.
     0 | D:1      | Reached XP level 1. HP: 18/18 MP: 3/3
   347 | D:1      | Reached XP level 2. HP: 24/25 MP: 4/4
   863 | D:1      | Reached XP level 3. HP: 31/31 MP: 5/5
  2128 | D:2      | Reached XP level 4. HP: 37/38 MP: 6/6
  2437 | D:3      | Noticed Ijyb
  2473 | D:3      | Killed Ijyb
  3366 | D:3      | Reached XP level 5. HP: 10/45 MP: 7/7
  4743 | D:4      | Noticed an ogre
  4751 | D:4      | Killed an ogre
  5106 | D:4      | Reached XP level 6. HP: 51/51 MP: 8/8
  5212 | D:4      | Found a staircase to the Ecumenical Temple.
  5429 | D:5      | Entered Level 5 of the Dungeon
  5618 | D:5      | Slain by an ogre

Illustrated notes

Levels and vault maps discovered:
D:1:      giann_forest_graveyard, layout_basic, minmay_vboxes
D:2:      layout_rooms, chequers_big_river
D:3:      layout_rooms, mainiacjoe_overflow_six_doors_small,
          mainiacjoe_overflow_surrounded_room, gammafunk_temple_overflow_wave,
          hellmonk_ecumenical_altar_lost_god, uniq_ijyb
D:4:      layout_basic, minmay_temple_entry_junction
D:5:      layout_basic, nicolae_hepliaklqana_hippocampus,
          mainiacjoe_overflow_brackets, mainiacjoe_overflow_paths,
          doesnt_shop_hydraphobe

Skill      XL: |  1  2  3  4  5 |
---------------+----------------+-----
Armour         | 3 4 |  4.3
Fighting       | 3 |  3.5
Maces & Flails | 2 3 4 |  4.1
Shields        | 3 |  3.3

Action                   |  1- 3 |  4- 6 || total
-------------------------+-------+-------++-------
Melee: Flail             |    55 |       ||    55
       Mace              |   123 |   199 ||   322
  Use: Scroll            |     2 |       ||     2
Armor: Scale mail        |    30 |       ||    30
       Chain mail        |    68 |   115 ||   183
Dodge: Dodged            |    81 |    63 ||   144
Block: Buckler           |    45 |    34 ||    79
